 Dungeon Crawl Stone Soup version 0.28-a0-998-gb9e9c7b67e (webtiles) character file.

Game seed: 2207878626821852529

28 ytrimaz the Ducker (level 2, 0/14 HPs)
             Began as a Felid Chaos Knight on Dec 5, 2021.
             Was a Plaything of Xom.
             Slain by a bat (1 damage)
             ... on level 2 of the Dungeon.
             The game lasted 00:02:03 (1371 turns).

ytrimaz the Ducker (Felid Chaos Knight)             Turns: 1371, Time: 00:02:03

Health: 0/14       AC:  1    Str:  8    XL:     2   Next: 96%
Magic:  4/4        EV: 18    Int: 13    God:    Xom [..*...]
Gold:   15         SH:  0    Dex: 15    Spells: 2/2 levels left
                                        Lives:  0   Deaths: 0

rFire   . . .      SeeInvis +     - Unarmed
rCold   . . .      Faith    .   (shield unavailable)
rNeg    . . .      Spirit   .   (armour unavailable)
rPois   .          Reflect  .   (helmet unavailable)
rElec   .          Harm     .   (cloak unavailable)
rCorr   .          Rampage  .   (gloves unavailable)
Will    .....                   (boots unavailable)
Stlth   +.........              (no amulet)
HPRegen 0.04/turn               (no ring)
MPRegen 0.09/turn               (no ring)

@: quick
A: very small, claws 1, fangs 3, see invisible, speed 1, shaggy fur 1, stealthy
paws, no weapons or thrown items, no armour, multi-lived
a: Renounce Religion


You were on level 2 of the Dungeon.
You worshipped Xom.
You were a toy of Xom.
You visited 1 branch of the dungeon, and saw 2 of its levels.

You collected 15 gold pieces.

Inventory:

Jewellery
 a - an amulet of faith
Potions
 b - a potion of mutation {unknown}


   Skills:
 + Level 3.3 Fighting
 + Level 3.5 Dodging
 + Level 3.5 Unarmed Combat
 * Level 0.7 Spellcasting


You had 2 spell levels left.
You didn't know any spells.
Your spell library was empty.

Dungeon Overview and Level Annotations

Branches:
Dungeon (2/15)

Altars:


Innate Abilities, Weirdness & Mutations

You have sharp claws.
You have razor-sharp teeth.
You have supernaturally acute eyesight. (SInv)
You cover ground quickly. (Speed+)
You are covered in fur. (AC +1)
Your paws help you pounce on unaware monsters.
You are incapable of wielding weapons or throwing items.
You cannot wear armour.
You gain extra lives every three experience levels.


Message History

The bat closely misses you. The quokka bites you.
Unknown command.
You scratch the quokka.
You kill the quokka!
A worm comes into view.
The bat hits you but does no damage.
Unknown command.
You barely miss the bat. The bat hits you. The bat hits you.
The hobgoblin closely misses you.
Things that are here:
17 gold pieces; a scroll labelled NAAKHU DE ANIA You scratch the hobgoblin.
The hobgoblin is almost dead.
The bat hits you but does no damage. The hobgoblin barely misses you.
A quokka comes into view.
You scratch the hobgoblin.
You kill the hobgoblin!
The bat hits you but does no damage.
Unknown command.
You closely miss the bat. The bat closely misses you.
A dart slug comes into view.
Unknown command.
You claw the worm!
The worm is heavily wounded.
The bat misses you.
You scratch the worm.
The worm is severely wounded.
The bat misses you. The worm barely misses you.
Unknown command.
You barely miss the worm. You bite the worm.
The worm is severely wounded.
The bat misses you. The quokka closely misses you. The worm bites you!
Ouch! That really hurt!
* * * LOW HITPOINT WARNING * * *
Xom is interested.
A shower of butterflies erupts from you!
Unknown command.
You swap places.
The bat hits you.
You die... "It was about time."

.... #..........#
.... +...÷.÷....#
..... #...)......#
..... +.............
......
#...........##
......##...........#
.....>..b..........#
.#####b#b......####
#rb@.......#
#..w###......# #.#.#
#.#....# .....#
#......# #.#..w.
...#... ......## ..
.. ..........###.
........#.# ..
..........###.#


You could see a worm (ally target), a quokka and a bat.

Vanquished Creatures
  A ball python (D:1)
  3 endoplasms
  A giant cockroach (D:2)
  3 goblins
  3 hobgoblins
  A kobold (D:1)
  4 quokkas
  A bat (D:1)
  2 frilled lizards (D:1)
  5 rats
24 creatures vanquished.

Vanquished Creatures (others)
  A plant (D:1)
1 creature vanquished.

Grand Total: 25 creatures vanquished

Notes
Turn   | Place    | Note
-------+----------+-------------------------------------------
     0 | D:1      | ytrimaz the Felid Chaos Knight began the quest for the Orb.
     0 | D:1      | Reached XP level 1. HP: 10/10 MP: 2/2
    34 | D:1      | XOM: potion effect (invisibility)
   119 | D:1      | XOM: smoke on damage
   210 | D:1      | Found a faded altar of an unknown god.
   237 | D:1      | Reached XP level 2. HP: 4/14 MP: 3/3
   386 | D:1      | XOM: silly message
   845 | D:1      | XOM: divination: detect items
   940 | D:2      | XOM: silly message
  1173 | D:2      | XOM: silly message
  1370 | D:2      | XOM: butterfly on damage
  1371 | D:2      | Slain by a bat

Illustrated notes

Levels and vault maps discovered:
D:1:      giann_bridges, layout_basic,
          dreamdust_ecumenical_altar_angels_and_demons
D:2:      layout_basic, minmay_fractal_squares_5

Action                   || total
-------------------------++-------
Melee: Unarmed           ||    64
       Bite              ||     5
  Use: Scroll            ||     7
 Stab: Sleeping          ||     3
Armor: Skin              ||     3
Dodge: Dodged            ||    44

Table legend: (Time is in decaauts)
 A = Elapsed time spent in this place.
 B = Non-inter-level travel time spent in this place.
 C = Inter-level travel time spent in this place.
 D = Time resting spent in this place.
 E = Time spent auto-exploring this place.
 F = Levels seen in this place.
 G = Mean time per level.
                   A        B        C        D        E       F      G
               +--------+--------+--------+--------+--------+-----+--------+
         Total |   1237 |   1232 |      5 |    203 |    840 |   2 |  618.5 |
       Dungeon |   1237 |   1232 |      5 |    203 |    840 |   2 |  618.5 |
               +--------+--------+--------+--------+--------+-----+--------+

Top non-repeatable levels by time:
     D:1: 807 daAuts
     D:2: 429 daAuts
